 Dungeon Crawl Stone Soup version 0.31-a0-83-gbff143cfd1 (webtiles) character file.

Game seed: 5385883690394018781

97 edwardauron the Magician (level 4, -3/46 HPs)
             Began as a Demonspawn Venom Mage on May 25, 2023.
             Killed from afar by Sigmund (8 damage)
             ... with a puff of flame
             ... on level 3 of the Dungeon.
             The game lasted 00:02:35 (1946 turns).

edwardauron the Magician (Demonspawn Venom Mage)    Turns: 1946, Time: 00:02:36

Health: -3/46      AC: 22    Str:  8    XL:     4   Next: 42%
Magic:  5/8        EV:  2    Int: 18    God:
Gold:   150        SH:  0    Dex: 20    Spells: 8/9 levels left

rFire   . . .        e - +2 dagger (vamp)
rCold   . . .        (no shield)
rNeg    . . .        a - melded +0 robe
rPois   +            (helmet currently unavailable)
rElec   .            (cloak currently unavailable)
rCorr   .            h - melded +0 pair of gloves
SInv    .            (boots currently unavailable)
Will    .....        (no amulet)
Stlth   ++           k - +6 ring of dexterity
HPRegen 0.27/turn    j - +4 ring of slaying
MPRegen 0.11/turn

%: no passive effects
@: lethally poisoned (-3 -> -15), tree-form, very slightly contaminated
A: stationary, stasis, torment immunity, boosted hp, (icy blue scales 2)
a: no special abilities


You were on level 3 of the Dungeon.
You were a tree.
You visited 1 branch of the dungeon, and saw 3 of its levels.

You collected 150 gold pieces.

Inventory:

Hand Weapons
 e - a +2 vampiric dagger (weapon)
Armour
 a - a +0 robe (melded)
 h - a +0 pair of gloves (melded)
Jewellery
 f - a ring of flight
 j - a +4 ring of slaying (right branch)
 k - a +6 ring of dexterity (left branch)
 r - an amulet of guardian spirit
Wands
 c - a wand of flame (28)
Scrolls
 t - a scroll of enchant weapon {unknown}
Potions
 b - a potion of magic
 d - a potion of cancellation
 g - a potion of lignification
 l - 2 potions of attraction {unknown}
 m - 2 potions of brilliance {unknown}
 o - a potion of invisibility {unknown}
 p - a potion of curing {unknown}
 q - a potion of heal wounds {unknown}


   Skills:
 - Level 0.3 Fighting
 - Level 0.3 Short Blades
 + Level 1.8 Dodging
 - Level 1.7 Stealth
 - Level 0.8 Unarmed Combat
 + Level 3.1 Spellcasting
 * Level 2.5 Transmutations
 - Level 3.0 Poison Magic


You had 8 spell levels left.
You knew the following spells:

 Your Spells              Type           Power      Damage    Failure   Level
a - Sting                 Tmut/Pois      44%        1d5       6%          1

Your spell library contained the following spells:

 Spells                   Type           Power      Damage    Failure   Level
 Poisonous Vapours        Pois/Air       12%        N/A       16%         2
 Mephitic Cloud           Conj/Pois/Air  4%         N/A       36%         3
 Olgreb's Toxic Radiance  Pois           13%        N/A       43%         4


Dungeon Overview and Level Annotations

Branches:
Dungeon (3/15)

Altars:

Annotations:
D:3 Sigmund


Innate Abilities, Weirdness & Mutations

You are a tree.
Your roots penetrate the ground, keeping you stationary.
You cannot be teleported.
You are immune to unholy pain and torment.
Your maximum health is greatly increased.
Your equipment is partially melded.
((You are mostly covered in icy blue scales. (AC +3)))


Message History

Sigmund flickers and vanishes!
Deactivating autopickup; reactivate with Ctrl-A.
Something hits you but does no damage.
You are poisoned.
You're too confused to cast spells.
You're too confused to cast spells.
You bump into the rock wall.
You feel very sick.
You hear some strange, mumbled words.
A puff of flame appears from out of thin air!
The puff of flame hits you.
You bump into the rock wall.
You feel less confused.
You feel sick.
A magic dart appears from out of thin air!
The magic dart hits you.
Casting: Sting (safe; 6% risk of failure)
Confirm with . or Enter, or press ? or * to list all spells.
Aiming: Sting (safe; 6% risk of failure)
Press: ? - help, Shift-Dir - straight line You feel sick.
Something hits you!
You are lethally poisoned!
Casting: Sting (safe; 6% risk of failure)
Confirm with . or Enter, or press ? or * to list all spells.
Aiming: Sting (safe; 6% risk of failure)
Press: ? - help, Shift-Dir - straight line You miscast Sting.
You are very lightly contaminated with residual magic.
Nothing appears to happen.
* * * LOW HITPOINT WARNING * * *
You feel very sick.
It was a potion of lignification.
You turn into a tree.
Your +0 pair of gloves melds into your body.
Your +0 robe melds into your body.
Your roots penetrate the ground.
* * * LOW HITPOINT WARNING * * *
You feel very sick.
You hear some strange, mumbled words.
A puff of flame appears from out of thin air!
The puff of flame hits you!
You die...

##.............####
#...............#.####
...................#.##
......................#
...................#.##
#...............#.####
##......)......#### #
##.#.......#.######....
####.....####.♣.{..#
##...## #.######
##.######.# #........#
##########


There were no monsters in sight!

Vanquished Creatures
  An iguana (D:2)
  3 adders (D:2)
  2 dart slugs
  7 ball pythons
  5 endoplasms
  4 goblins (D:1)
  A hobgoblin (D:1)
  3 kobolds
  6 bats
  4 frilled lizards
  5 rats (D:1)
41 creatures vanquished.

Notes
Turn   | Place    | Note
-------+----------+-------------------------------------------
     0 | D:1      | edwardauron the Demonspawn Venom Mage began the quest for
                  | the Orb.
     0 | D:1      | Reached XP level 1. HP: 13/13 MP: 3/3
    15 | D:1      | Reached skill level 1 in Transmutations
   166 | D:1      | Gained mutation: You are partially covered in icy blue
                  | scales. (AC +2) [demonic ancestry]
   166 | D:1      | Reached XP level 2. HP: 16/19 MP: 0/5
   785 | D:1      | Gained mutation: You are mostly covered in icy blue scales.
                  | (AC +3) [demonic ancestry]
   785 | D:1      | Reached XP level 3. HP: 23/24 MP: 7/7
  1092 | D:2      | Reached XP level 4. HP: 28/30 MP: 1/8
  1934 | D:3      | Noticed Sigmund
  1946 | D:3      | Killed from afar by Sigmund

Illustrated notes

Levels and vault maps discovered:
D:1:      dpeg_arrival_long_road, layout_basic, serial_forest,
          infiniplex_forest_end_3, infiniplex_forest_lined_3,
          infiniplex_forest_straight_2, infiniplex_forest_corner_1,
          infiniplex_forest_lined_1, infiniplex_forest_straight_3
D:2:      layout_basic
D:3:      kennysheep_six_static_rooms, layout_basic,
          palyth_temple_overflow_mages, mainiacjoe_overflow_paths,
          nicolae_gozag_seed_capital, nicolae_figureground_pulse, uniq_sigmund

Skill      XL: |  1  2  3 |
---------------+----------+-----
Transmutations | 1 2 |  2.5
Spellcasting   | 3 |  3.1
Fighting       | |  0.3
Short Blades   | |  0.3
Dodging        | |  1.8
Stealth        | |  1.7
Unarmed Combat | |  0.8
Poison Magic   | |  3.0

Action                     |  1- 3 |  4- 6 || total
---------------------------+-------+-------++-------
  Melee: Unarmed           |    35 |       ||    35
         Punch             |     2 |       ||     2
         Dagger            |    29 |     2 ||    31
   Cast: Sting             |    36 |    22 ||    58
    Use: Scroll            |       |     4 ||     4
         Potion            |       |     1 ||     1
   Stab: Sleeping          |     3 |       ||     3
 Armour: Robe              |    23 |     6 ||    29
  Dodge: Dodged            |    73 |     4 ||    77

Table legend: (Time is in decaauts)
 A = Elapsed time spent in this place.
 B = Non-inter-level travel time spent in this place.
 C = Inter-level travel time spent in this place.
 D = Time resting spent in this place.
 E = Time spent auto-exploring this place.
 F = Levels seen in this place.
 G = Mean time per level.
                   A        B        C        D        E       F      G
               +--------+--------+--------+--------+--------+-----+--------+
         Total |   1942 |   1903 |     39 |    301 |   1290 |   3 |  647.3 |
       Dungeon |   1942 |   1903 |     39 |    301 |   1290 |   3 |  647.3 |
               +--------+--------+--------+--------+--------+-----+--------+

Top non-repeatable levels by time:
     D:1: 977 daAuts
     D:2: 882 daAuts
     D:3: 82 daAuts
